 Dungeon Crawl Stone Soup version 0.28-a0-563-gf77a47075d (webtiles) character file.

Game seed: 6971389420019925415

1145 DavidChitty2 the Chopper (level 8, 0/70 HPs)
             Began as a Minotaur Fighter on Sept 29, 2021.
             Slain by an orc warrior (6 damage)
             ... on level 6 of the Dungeon.
             The game lasted 00:07:00 (5067 turns).

DavidChitty2 the Chopper (Minotaur Fighter)         Turns: 5067, Time: 00:07:00

Health: 0/70       AC: 16    Str: 23    XL:     8   Next: 15%
Magic:  7/7        EV:  8    Int:  9    God:
Gold:   177        SH:  0    Dex: 13    Spells: 7/7 levels left

rFire   . . .      SeeInvis +   a - +0 war axe
rCold   . . .      Faith    .   c - +0 buckler
rNeg    . . .      Spirit   .   o - +0 chain mail
rPois   .          Reflect  .   (helmet restricted)
rElec   .          Harm     .   m - +0 cloak
rCorr   .          Rampage  .   (no gloves)
Will    .....                   x - +0 pair of boots
Stlth   ..........              (no amulet)
HPRegen 0.21/turn               q - +4 ring of protection
MPRegen 0.10/turn               r - ring "Romuid" {Int+4 Dex+3 SInv}

@: confused, lethally poisoned (0 -> -1), ambrosia-drunk, very slightly
contaminated, invisible
A: horns 2, retaliatory headbutt
a: no special abilities


You were on level 6 of the Dungeon.
You visited 1 branch of the dungeon, and saw 6 of its levels.

You collected 287 gold pieces.
You spent 110 gold pieces at shops.

Inventory:

Hand Weapons
 a - a +0 war axe (weapon)
 b - a +2 whip of draining
   (You took it off a kobold on level 1 of the Dungeon)
Armour
 c - a +0 buckler (worn)
 m - a +0 cloak (worn)
   (You took it off Crazy Yiuf on level 2 of the Dungeon)
 o - a +0 chain mail (worn)
   (You took it off Terence on level 3 of the Dungeon)
 x - a +0 pair of boots (worn)
   (You found it on level 4 of the Dungeon)
Jewellery
 i - a ring of protection from fire
   (You found it on level 4 of the Dungeon)
 q - a +4 ring of protection (left hand)
   (You found it on level 4 of the Dungeon)
 r - the ring "Romuid" (right hand) {Int+4 Dex+3 SInv}
   (You bought it in a shop on level 3 of the Dungeon)

   [ring of see invisible]

   Int:       It affects your intelligence (+4).
   Dex:       It affects your dexterity (+3).
   SInv:      It lets you see invisible.
Wands
 t - a wand of flame (2)
   (You found it on level 4 of the Dungeon)
 u - a wand of polymorph (3)
   (You took it off Natasha on level 3 of the Dungeon)
Scrolls
 e - a scroll of enchant armour {unknown}
 f - a scroll of noise {unknown}
 h - a scroll of silence {unknown}
 j - 2 scrolls of blinking {unknown}
 l - a scroll of holy word {unknown}
 n - a scroll of identify {unknown}
 v - a scroll of fog {unknown}
 w - a scroll of vulnerability {unknown}
 z - a scroll of brand weapon {unknown}
Potions
 d - 3 potions of might
 g - a potion of mutation {unknown}
 k - 2 potions of invisibility
 s - a potion of curing {unknown}


   Skills:
 + Level 6.3 Fighting
 * Level 7.7 Axes
 + Level 6.3 Armour
 + Level 6.2 Shields


You had 7 spell levels left.
You didn't know any spells.
Your spell library contained the following spells:

 Spells                   Type           Power      Damage    Failure   Level
 Summon Small Mammal      Summ           0%         N/A       95%         1
 Call Canine Familiar     Summ           0%         N/A       100%        3
 Summon Guardian Golem    Hex/Summ       0%         N/A       100%        3


Dungeon Overview and Level Annotations

Branches:
Dungeon (5/15)
 Temple: D:4-7

Altars:
Xom

Shops:
D:3 *


Innate Abilities, Weirdness & Mutations

You have a pair of horns on your head.
You reflexively headbutt those who attack you in melee.


Message History

You hit the orc.
You kill the orc!
You barely miss the orc priest. You hit the orc warrior.
You feel very sick.
The orc priest mumbles some strange prayers to Beogh against you.
Beogh smites you! You block the orc priest's attack.
The orc warrior closely misses you. You furiously retaliate!
You headbutt the orc warrior, but do no damage.
You hit the orc warrior but do no damage.
You slash the orc priest!
You feel sick.
The orc priest hits you but does no damage.
You block the orc warrior's attack. The orc priest barely misses you.
You hit the orc priest but do no damage.
Your headbutt misses the orc priest. You slash the orc priest!
You hit the orc warrior.
You feel sick.
The orc warrior hits you with a +0 scimitar!
* * * LOW HITPOINT WARNING * * *
The orc priest barely misses you. You furiously retaliate!
You headbutt the orc priest.
The orc priest hits you but does no damage.
You slash the orc priest!
You kill the orc priest!
You hit the orc warrior but do no damage.
You closely miss the orc priest.
You feel sick.
The orc warrior hits you with a +0 scimitar!
* * * LOW HITPOINT WARNING * * *
The orc priest invokes the aid of Beogh against you.
Beogh smites you!
* * * LOW HITPOINT WARNING * * *
It was a potion of invisibility.
You fade into invisibility!
You feel sick. The orc warrior barely misses you.
The orc priest barely misses you.
You are very lightly contaminated with residual magic.
You catch the helpless orc warrior completely off-guard!
You hit the orc warrior.
You headbutt the orc warrior, but do no damage.
You hit the orc priest.
You feel sick.
The orc warrior hits you with a +0 scimitar.
* * * LOW HITPOINT WARNING * * *
The orc priest hits you with a +0 falchion.
* * * LOW HITPOINT WARNING * * *
It was a potion of ambrosia.
You are confused.
You feel invigorated.
You feel sick. The orc warrior barely misses you.
The orc priest hits you with a +0 falchion.
* * * LOW HITPOINT WARNING * * *
It was a potion of magic.
Magic courses through your body.
You feel sick.
The orc warrior hits you with a +0 scimitar.
You die...

###.#######
#.........#
#.........#
#.....?...#
#.........#
###.........#
......o..!..#
......)@....#
......o.....#
###.........#
#........(#
###########


You could see an orc warrior and an orc priest.

Vanquished Creatures
  A fire bat (D:4)
  An ogre (D:5)
  2 necrophages
  3 scorpions (D:5)
  4 hounds
  3 orc priests
  Crazy Yiuf (D:2)
  Natasha (thrice) (D:3)
  Terence (D:3)
  An iguana (D:4)
  2 orc wizards (D:3)
  3 adders
  4 gnolls (D:5)
  A worm (D:2)
  2 dart slugs
  12 orcs
  6 endoplasms
  6 giant cockroaches
  6 goblins
  9 hobgoblins
  8 jackals
  2 kobolds
  A quokka (D:3)
  2 ball pythons
  6 bats
  3 frilled lizards
  5 rats
98 creatures vanquished.

Notes
Turn   | Place    | Note
-------+----------+-------------------------------------------
     0 | D:1      | DavidChitty2 the Minotaur Fighter began the quest for the
                  | Orb.
     0 | D:1      | Reached XP level 1. HP: 19/19 MP: 0/0
   200 | D:1      | Reached XP level 2. HP: 18/25 MP: 1/1
   454 | D:1      | Reached skill level 3 in Axes
   964 | D:2      | Found a shimmering altar of Xom.
   974 | D:2      | Reached XP level 3. HP: 29/33 MP: 2/2
  1387 | D:2      | Found a runed translucent door.
  1388 | D:2      | Noticed Crazy Yiuf
  1395 | D:2      | Killed Crazy Yiuf
  1396 | D:2      | Reached XP level 4. HP: 30/40 MP: 3/3
  1842 | D:3      | Noticed Terence
  1860 | D:3      | Killed Terence
  1861 | D:3      | Reached skill level 4 in Axes
  2095 | D:3      | Reached XP level 5. HP: 37/47 MP: 4/4
  2159 | D:3      | Found Vockaiwn's Assorted Antiques.
  2195 | D:3      | Found a faded altar of an unknown god.
  2352 | D:3      | Noticed Natasha
  2384 | D:3      | Killed Natasha
  2529 | D:3      | Noticed Natasha
  2534 | D:3      | Killed Natasha
  2788 | D:3      | Noticed Natasha
  2817 | D:3      | Killed Natasha
  2818 | D:3      | Reached skill level 5 in Axes
  2861 | D:4      | Noticed an ogre
  2864 | D:4      | Noticed a fire bat
  2864 | D:4      | an ogre changed into a fire bat
  2866 | D:4      | Noticed a necrophage
  2988 | D:3      | Killed a necrophage
  2989 | D:3      | Reached skill level 5 in Fighting
  2989 | D:3      | Reached skill level 5 in Armour
  2989 | D:3      | Reached skill level 5 in Shields
  2989 | D:3      | Reached XP level 6. HP: 36/56 MP: 5/5
  3614 | D:3      | Bought a shimmering gossamer ring for 110 gold pieces
  3614 | D:3      | Identified the ring "Romuid" {Int+4 Dex+3 SInv} (You bought
                  | it in a shop on level 3 of the Dungeon)
  3668 | D:4      | Reached skill level 6 in Axes
  4130 | D:4      | Killed a fire bat
  4131 | D:4      | Reached XP level 7. HP: 42/61 MP: 6/6
  4321 | D:4      | Found a shimmering altar of Xom.
  4680 | D:5      | Entered Level 5 of the Dungeon
  4707 | D:5      | Reached skill level 7 in Axes
  5004 | D:5      | Reached XP level 8. HP: 70/70 MP: 7/7
  5051 | D:5      | You fall into a shaft and drop 1 floor!
  5065 | D:6      | HP: 3/70 [orc priest (4)]
  5067 | D:6      | Slain by an orc warrior

Illustrated notes

Levels and vault maps discovered:
D:1:      onia_arrival_mini_maze, layout_basic
D:2:      layout_loops_ring, basic_altar, minmay_misc_feat_enclosed,
          corexii_leaking_fountain, uniq_crazy_yiuf_cottage
D:3:      layout_rooms, ebering_ecumenical_altar_sacrificial, serial_shops,
          nicolae_shop_statue_plus, uniq_terence, uniq_natasha
D:4:      layout_cave_pools, lemuel_crystal_altar
D:5:      layout_basic
D:6:      layout_basic

Skill      XL: |  1  2  3  4  5  6  7 |
---------------+----------------------+-----
Axes           | 3 4 5 6 7 |  7.7
Armour         | 4 5 6 |  6.3
Shields        | 4 5 6 |  6.2
Fighting       | 4 5 6 |  6.3

Action                   |  1- 3 |  4- 6 |  7- 9 || total
-------------------------+-------+-------+-------++-------
Melee: War axe           |    75 |   107 |    51 ||   233
       Headbutt          |     8 |    19 |    11 ||    38
       Unarmed           |       |     2 |       ||     2
Evoke: Wand              |       |     1 |       ||     1
  Use: Potion            |       |       |     3 ||     3
 Stab: Invisible         |       |       |     1 ||     1
Armor: Scale mail        |    44 |     2 |       ||    46
       Chain mail        |       |   115 |    28 ||   143
       Skin              |       |     1 |       ||     1
Dodge: Dodged            |    25 |    62 |    29 ||   116
Block: Buckler           |    16 |    38 |    18 ||    72

Table legend: (Time is in decaauts)
 A = Elapsed time spent in this place.
 B = Non-inter-level travel time spent in this place.
 C = Inter-level travel time spent in this place.
 D = Time resting spent in this place.
 E = Time spent auto-exploring this place.
 F = Levels seen in this place.
 G = Mean time per level.
                   A        B        C        D        E       F      G
               +--------+--------+--------+--------+--------+-----+--------+
         Total |   5132 |   4898 |    234 |   1539 |   2530 |   6 |  855.3 |
       Dungeon |   5132 |   4898 |    234 |   1539 |   2530 |   6 |  855.3 |
               +--------+--------+--------+--------+--------+-----+--------+

Top non-repeatable levels by time:
     D:3: 2141 daAuts
     D:1: 988 daAuts
     D:2: 836 daAuts
     D:4: 774 daAuts
     D:5: 375 daAuts
     D:6: 16 daAuts
